 Dungeon Crawl Stone Soup version 0.28.0-43-g3370ac3207 (webtiles) character file.

Game seed: 10201686549714745030

67 pkoi the Insei (level 3, -2/31 HPs)
             Began as a Draconian Monk on Mar 1, 2022.
             Slain by Ijyb
             ... wielding a +0 club
              (4 damage)
             ... on level 3 of the Dungeon.
             The game lasted 00:01:37 (1951 turns).

pkoi the Insei (Draconian Monk)                     Turns: 1951, Time: 00:01:38

Health: -2/31      AC:  6    Str: 13    XL:     3   Next: 98%
Magic:  3/3        EV: 12    Int: 12    God:
Gold:   100        SH:  0    Dex: 13    Spells: 2/2 levels left

rFire   . . .      SeeInvis .   b - +0 dagger (elec)
rCold   + . .      Faith    .   (no shield)
rNeg    . . .      Spirit   .   (armour unavailable)
rPois   .          Reflect  .   (helmet restricted)
rElec   .          Harm     .   (no cloak)
rCorr   .          Rampage  .   (no gloves)
Will    +....                   j - +0 pair of boots
Stlth   ++........              (no amulet)
HPRegen 0.10/turn               c - ring of protection from cold
MPRegen 0.08/turn               f - ring of willpower

@: no status effects
A: AC +5, unfitting armour, cold-blooded
a: no special abilities


You were on level 3 of the Dungeon.
You visited 1 branch of the dungeon, and saw 3 of its levels.

You collected 100 gold pieces.

Inventory:

Hand Weapons
 b - a +0 dagger of electrocution (weapon)
Armour
 j - a +0 pair of boots (worn)
Jewellery
 c - a ring of protection from cold (left hand)
 d - a ring of wizardry
 f - a ring of willpower (right hand)
Scrolls
 e - a scroll of holy word
 g - a scroll of vulnerability {unknown}
Potions
 a - a potion of cancellation


   Skills:
 + Level 3.3 Fighting
 + Level 2.7 Dodging
 - Level 1.7 Stealth
 * Level 4.8 Unarmed Combat


You had 2 spell levels left.
You didn't know any spells.
Your spell library was empty.

Dungeon Overview and Level Annotations

Branches:
Dungeon (3/15)

Altars:

Annotations:
D:3 Ijyb


Innate Abilities, Weirdness & Mutations

Your plain brown scales are hard. (AC +5)
You cannot fit into any form of body armour.
You are cold-blooded and may be slowed by cold attacks.


Message History

You are too injured to fight recklessly!
You are too injured to fight recklessly!
You are too injured to fight recklessly!
You are too injured to fight recklessly!
You are too injured to fight recklessly!
You are too injured to fight recklessly!
You are too injured to fight recklessly!
You are too injured to fight recklessly!
You are too injured to fight recklessly!
You hear the crackle of electricity.
b - a +0 dagger of electrocution (weapon)
Ijyb hits you with a +0 club.
* * * LOW HITPOINT WARNING * * *
You barely miss Ijyb. You tail-slap Ijyb.
Ijyb is moderately wounded.
Ijyb hits you but does no damage.
You hit Ijyb.
Ijyb is heavily wounded.
Ijyb hits you but does no damage. x2
A rat comes into view.
You hit Ijyb. Lightning courses through Ijyb!
Ijyb is almost dead.
Ijyb hits you but does no damage.
You barely miss Ijyb.
Ijyb is almost dead.
Ijyb misses you. Ijyb hits you with a +0 club!
* * * LOW HITPOINT WARNING * * *
You hit Ijyb.
Ijyb is almost dead.
Ijyb hits you with a +0 club.
* * * LOW HITPOINT WARNING * * *
You hit Ijyb but do no damage.
Ijyb is almost dead.
Ijyb hits you with a +0 club!
* * * LOW HITPOINT WARNING * * *
Ijyb hits you but does no damage.
You barely miss Ijyb. You tail-slap Ijyb, but do no damage.
Ijyb is almost dead.
Ijyb hits you with a +0 club.
You die...

#.....# ### #.....#
#..
#.....############..
#................'..
#.....############..
####'## #.. #...#
#.† #...# ### #@..#
......g.>.+
..........#
#####.r...# #.##...
#. ##### #. #.


You could see Ijyb (berserk) and a rat.

Vanquished Creatures
  3 adders
  2 dart slugs
  An orc (D:3)
  3 ball pythons (D:1)
  3 bats
  5 endoplasms
  3 giant cockroaches (D:1)
  4 hobgoblins
  A quokka (D:2)
  3 frilled lizards
  2 goblins (D:1)
  3 kobolds
  2 rats
35 creatures vanquished.

Notes
Turn   | Place    | Note
-------+----------+-------------------------------------------
     0 | D:1      | pkoi the Draconian Monk began the quest for the Orb.
     0 | D:1      | Reached XP level 1. HP: 19/19 MP: 1/1
   286 | D:1      | Reached XP level 2. HP: 26/26 MP: 2/2
   460 | D:1      | Found a faded altar of an unknown god.
   632 | D:1      | Reached skill level 4 in Unarmed Combat
  1114 | D:2      | Reached XP level 3. HP: 26/31 MP: 3/3
  1938 | D:3      | Noticed Ijyb
  1951 | D:3      | Slain by Ijyb

Illustrated notes

Levels and vault maps discovered:
D:1:      erik_arrival_triangle_medium, layout_loops_corners,
          ebering_ecumenical_altar_ruins
D:2:      layout_basic, minivault_23
D:3:      layout_basic, minivault_11, minmay_distorted, uniq_ijyb

Skill      XL: |  1  2 |
---------------+-------+-----
Unarmed Combat | 4 |  4.8
Fighting       | |  3.3
Dodging        | |  2.7
Stealth        | |  1.7

Action                   || total
-------------------------++-------
Melee: Unarmed           ||    28
       Tailslap          ||    19
       Dagger            ||    84
       Punch             ||     4
  Use: Scroll            ||     4
       Potion            ||     3
 Stab: Sleeping          ||    11
Armor: Skin              ||    32
Dodge: Dodged            ||    53
